 Dungeon Crawl Stone Soup version 0.23-a0-151-gf6d1ed2 (webtiles) character file.

688 tsouns the Insei (level 7, -18/48 HPs)
             Began as an Octopode Transmuter on Sept 8, 2018.
             Killed from afar by Sigmund the steam dragon (26 damage)
             ... with a ball of steam
             ... on level 5 of the Dungeon.
             The game lasted 00:13:50 (4805 turns).

tsouns the Insei (Octopode Transmuter)              Turns: 4805, Time: 00:13:51

Health: -18/48     AC:  5    Str: 10    XL:     7   Next: 63%
Magic:  5/11       EV: 13    Int: 17    God:
Gold:   230        SH:  0    Dex: 12    Spells: 6/12 levels left

rFire    . . .     SeeInvis .     - Unarmed
rCold    . . .     Gourm    .   (no shield)
rNeg     + . .     Faith    .   (helmet restricted)
rPois    .         Spirit   .   (no amulet)
rElec    .         Reflect  .   m - +4 ring of protection
rCorr    .         Harm     .   h - ring of positive energy
MR       .....                  t - +1 ring of slaying
Stlth    ++........             (no ring)
HPRegen  0.16/turn              (no ring)
MPRegen  0.12/turn              (no ring)
                                (no ring)
                                (no ring)

@: no status effects
A: almost no armour, stealthy swim, amphibious, 8 rings, constrict 8, camouflage
1, gelatinous body 1
a: no special abilities


You were on level 5 of the Dungeon.
You were hungry.

You visited 1 branch of the dungeon, and saw 5 of its levels.

You collected 230 gold pieces.

Inventory:

Hand Weapons
 r - the cursed +2 falchion of Osaidamm {freeze, MR+, unknown}
   (You found it on level 5 of the Dungeon)

   It has been specially enchanted to freeze those struck by it, causing extra
   injury to most foes and up to half again as much damage against particularly
   susceptible opponents.
   It can also slow down cold-blooded creatures.
   It affects your resistance to hostile enchantments.
   It has a curse placed upon it.
Missiles
 a - 21 arrows
 b - 171 stones (quivered)
 g - 24 bolts
 p - 5 tomahawks
Jewellery
 h - a ring of positive energy (right tentacle)
 m - a +4 ring of protection (left tentacle)
 t - a +1 ring of slaying (on tentacle)
Wands
 q - a wand of random effects (36)
 s - a wand of flame (17)
 u - a wand of polymorph (10)
Scrolls
 d - 3 scrolls of teleportation
 e - 3 scrolls of blinking
 n - a scroll of enchant weapon
Potions
 f - 2 potions of magic
 j - a potion of curing
 k - 4 potions of lignification
 l - a potion of might
 o - 2 potions of heal wounds {unknown}
Comestibles
 c - 8 rations
 i - 2 chunks of flesh


   Skills:
 + Level 4.1 Fighting
 - Level 2.0 Dodging
 + Level 5.4 Unarmed Combat
 + Level 3.0 Spellcasting
 + Level 4.9 Transmutations


You had 6 spell levels left.
You knew the following spells:

 Your Spells              Type           Power        Failure   Level  Hunger
a - Beastly Appendage     Tmut           ###...       2%          1    None
b - Sticks to Snakes      Tmut           ###.....     3%          2    ##.....
c - Spider Form           Tmut/Pois      ##........   19%         3    ###....

Your spell library contained the following spells:

 Spells                   Type           Power        Failure   Level  Hunger
 Ice Form                 Ice/Tmut       ##......     54%         4    ####...
 Blade Hands              Tmut           ###.......   54%         5    ######.


Dungeon Overview and Level Annotations

Branches:
Dungeon (5/15)
 Temple: D:4-7

Altars:
Ashenzari
Vehumet
Yredelemnul

Annotations:
D:5 Sigmund


Innate Abilities, Weirdness & Mutations

You cannot wear most types of armour.
You are very stealthy in the water. (Stealth+)
You are amphibious.
You can wear up to eight rings at the same time.
You can use your tentacles to constrict eight enemies at once.
Your skin changes colour to match your surroundings (Stealth+).
Your rubbery body absorbs attacks. (AC +1, EV +1)


Message History

t - Shout!
Orders for allies: a - Attack new target. p - Attack previous target. r - Retreat! s - Stop attacking. g - Guard the area. f - Follow me.
Anything else - Cancel.
Gang up on whom?
Press: ? - help, Dir - move target cursor, f/p - Sigmund
Aim: Sigmund the steam dragon Attack!
Sigmund breathes steam at you.
The ball of steam misses your ball python.
The ball of steam hits you!
* * * LOW HITPOINT WARNING * * *
Your ball python is engulfed in a cloud of scalding steam.
Your ball python dies!
Some of the chunks of flesh in your inventory have rotted away.
Sigmund breathes steam at you. The ball of steam hits you!
Ouch! That really hurt!
You die...

............#.........## #...
....###.###.####.#....####.###
.# #.###......#.).......#
#.............<.#####
.#####.###..##.........
#............###########
#.#########.## #.# #@# . #§# .
#§# .## #.# #.. #.# #
#.###########.#
#.#.##..D..§§§D.#
#.#§##.########## #.§§...#


There were no monsters in sight!

Vanquished Creatures
  A phantom (D:4)
  An ogre (D:5)
  A bullfrog (D:3)
  A howler monkey (D:5)
  A bullfrog zombie (D:5)
  A jelly (D:5)
  An orc priest (D:4)
  A bullfrog skeleton (D:4)
  An orc wizard (D:4)
  An iguana (D:4)
  A worker ant (D:5)
  A howler monkey skeleton (D:4)
  4 gnolls
  3 adders
  An ooze (D:3)
  3 adder skeletons
  A worm (D:2)
  2 dart slugs
  2 leopard geckos
  13 orcs
  8 bats
  17 giant cockroaches
  15 goblins
  14 hobgoblins
  9 jackals
  A ball python (D:2)
  4 frilled lizards
  A giant cockroach zombie (D:5)
  A kobold (D:1)
  6 rats
117 creatures vanquished.

Vanquished Creatures (collateral kills)
  An orc priest (D:4)
  Robin (D:3)
2 creatures vanquished.

Vanquished Creatures (others)
  A quokka zombie (D:5)
1 creature vanquished.

Grand Total: 120 creatures vanquished

Notes
Turn   | Place    | Note
-------+----------+-------------------------------------------
     0 | D:1      | tsouns the Octopode Transmuter began the quest for the Orb.
     0 | D:1      | Reached XP level 1. HP: 13/13 MP: 3/3
   229 | D:1      | Reached XP level 2. HP: 15/18 MP: 3/5
   460 | D:1      | Learned a level 2 spell: Sticks to Snakes
  1146 | D:1      | Reached XP level 3. HP: 23/23 MP: 6/6
  1151 | D:1      | Learned a level 3 spell: Spider Form
  1632 | D:2      | Reached XP level 4. HP: 24/28 MP: 7/7
  2249 | D:3      | Reached skill level 4 in Unarmed Combat
  2389 | D:3      | Noticed Robin
  2422 | D:3      | Killed Robin
  2436 | D:3      | Found a basalt altar of Yredelemnul.
  2442 | D:3      | Reached XP level 5. HP: 25/34 MP: 8/8
  3040 | D:4      | Reached XP level 6. HP: 40/41 MP: 7/9
  3094 | D:4      | Noticed a phantom
  3124 | D:4      | Killed a phantom
  3623 | D:4      | Found a shattered altar of Ashenzari.
  3986 | D:5      | Entered Level 5 of the Dungeon
  3986 | D:5      | Found a radiant altar of Vehumet.
  4238 | D:4      | Reached skill level 5 in Unarmed Combat
  4440 | D:4      | Reached XP level 7. HP: 28/47 MP: 4/10
  4595 | D:5      | Got a slimy falchion
  4777 | D:5      | Noticed Sigmund
  4780 | D:5      | Noticed Sigmund
  4780 | D:5      | Sigmund changed into Sigmund the steam dragon
  4805 | D:5      | Killed from afar by Sigmund the steam dragon

Vault maps used:
D:1:      lemuel_arrival_broad_hall, st_stairs_13
D:2:      minmay_roachtagon
D:3:      yredelemnul_altar_generic, uniq_robin
D:4:      first_ration, nicolae_ashenzari_panopticon
D:5:      vehumet_altar_wand_db, lemuel_temple_firewalk_b,
          minmay_misc_feat_square, uniq_menkaure, uniq_sigmund

Skill      XL: |  1  2  3  4  5  6  7 |
---------------+----------------------+-----
Transmutations | 3 4 |  4.9
Unarmed Combat | 4 5 |  5.4
Fighting       | 2 3 4 |  4.1
Spellcasting   | 3 |  3.0
Dodging        | |  2.0

Action                   |  1- 3 |  4- 6 |  7- 9 || total
-------------------------+-------+-------+-------++-------
Melee: Unarmed           |    99 |   168 |    50 ||   317
       Kick              |    17 |    19 |     4 ||    40
       Constrict         |    30 |    43 |     7 ||    80
       Tentacles         |    11 |    29 |     6 ||    46
       Punch             |     1 |     6 |     4 ||    11
Throw: Stone             |       |     3 |       ||     3
       Throwing net      |       |       |     1 ||     1
 Cast: Beastly Appendage |    13 |    20 |     2 ||    35
       Sticks to Snakes  |       |     7 |     5 ||    12
       Spider Form       |       |     1 |     1 ||     2
Evoke: Wand              |       |       |     4 ||     4
  Use: Scroll            |     7 |     7 |       ||    14
 Stab: Sleeping          |     3 |     3 |     1 ||     7
  Eat: Chunk             |     2 |     7 |     1 ||    10
       Ration            |       |     1 |       ||     1
Armor: Skin              |     9 |    31 |     4 ||    44
Dodge: Dodged            |    66 |    87 |    27 ||   180

Table legend:
 A = Non-vault XP
 B = Vault XP
 C = Vault XP percentage of total XP
 D = Non-vault monster count
 E = Vault monster count
 F = Vault count percentage of total count
                 A         B        C        D         E       F
            +---------+---------+-------+---------+---------+-------
      Total |     929 |      55 |   5.6 |      94 |      25 |  21.0
            +---------+---------+-------+---------+---------+-------
        D:1 |      31 |       4 |  11.4 |      18 |       2 |  10.0
        D:2 |      35 |      22 |  38.6 |      12 |      11 |  47.8
        D:3 |     158 |      27 |  14.6 |      29 |      11 |  27.5
        D:4 |     362 |       0 |   0.0 |      19 |       0 |   0.0
        D:5 |     343 |       2 |   0.6 |      16 |       1 |   5.9
            +---------+---------+-------+---------+---------+-------
